 Dungeon Crawl Stone Soup version 0.24-a0-284-g9fb9971 (webtiles) character file.

Game seed: 11316804045906240502

154 mhoghedin the Insei (level 4, -4/34 HPs)
             Began as a Demigod Transmuter on May 4, 2019.
             Killed from afar by Sigmund (9 damage)
             ... with a magic dart
             ... on level 3 of the Dungeon.
             The game lasted 00:10:03 (2738 turns).

mhoghedin the Insei (Demigod Transmuter)            Turns: 2738, Time: 00:10:04

Health: -4/34      AC:  3    Str: 15    XL:     4   Next: 88%
Magic:  6/9        EV: 12    Int: 17    God:
Gold:   112        SH:  0    Dex: 16    Spells: 0/6 levels left

rFire    . . .     SeeInvis .   v - +5 dagger (freeze)
rCold    . . .     Gourm    .   (no shield)
rNeg     . . .     Faith    .   b - +0 robe
rPois    .         Spirit   .   (no helmet)
rElec    .         Reflect  .   (no cloak)
rCorr    .         Harm     .   (no gloves)
MR       .....                  m - +0 pair of boots
Stlth    +.........             (no amulet)
HPRegen  0.11/turn              (no ring)
MPRegen  0.11/turn              (no ring)

@: no status effects
A: high mp 1
a: no special abilities


You were on level 3 of the Dungeon.
You were not hungry.

You visited 1 branch of the dungeon, and saw 3 of its levels.

You collected 112 gold pieces.

Inventory:

Hand Weapons
 v - a +5 dagger of freezing (weapon)
   (You took it off Robin on level 2 of the Dungeon)
Missiles
 a - 65 arrows
Armour
 b - a +0 robe (worn)
 m - a +0 pair of boots (worn)
   (You found it on level 1 of the Dungeon)
 o - a +0 helmet
   (You took it off Robin on level 2 of the Dungeon)
Scrolls
 c - 2 scrolls of remove curse {unknown}
 e - 3 scrolls of identify
 g - a scroll of fear {unknown}
 i - a scroll of blinking {unknown}
 k - a scroll of enchant weapon {unknown}
 n - a scroll of fog {unknown}
 r - a scroll of enchant armour {unknown}
 s - 2 scrolls of teleportation {unknown}
 u - 2 scrolls of amnesia {unknown}
Potions
 h - a potion of flight
 j - a potion of resistance
 l - a potion of curing
 t - a potion of haste
Comestibles
 d - 5 rations


   Skills:
 - Level 0.8 Fighting
 - Level 1.7 Dodging
 - Level 5.1 Unarmed Combat
 - Level 1.7 Spellcasting
 + Level 2.3 Transmutations


You couldn't memorise any spells.
You knew the following spells:

 Your Spells              Type           Power        Failure   Level  Hunger
a - Beastly Appendage     Tmut           #.....       8%          1    #......
c - Spider Form           Tmut/Pois      #.........   36%         3    ###....
s - Sticks to Snakes      Tmut           #.......     12%         2    ###....

Your spell library contained the following spells:

 Spells                   Type           Power        Failure   Level  Hunger
 Ice Form                 Ice/Tmut       #.......     77%         4    #####..
 Blade Hands              Tmut           #.........   91%         5    ######.


Dungeon Overview and Level Annotations

Branches:
Dungeon (3/15)

Annotations:
D:3 Sigmund


Innate Abilities, Weirdness & Mutations

You have an increased reservoir of magic. (+10% MP)


Message History

Your ball python completely misses Natasha.
Your kobold completely misses Natasha.
Natasha stares at you and mumbles some strange words.
The magic dart hits you!
Your ball python barely misses Natasha.
Your ball python grabs Natasha.
Your ball python constricts Natasha.
Your kobold hits Natasha but does no damage.
You take 7 damage, and have 20/34 hp.
MASSIVE DAMAGE!!
You hit Natasha. You freeze Natasha. Natasha misses you.
Your kobold hits Natasha.
Your ball python bites Natasha.
Your ball python constricts Natasha.
You hit Natasha. You freeze Natasha.
You kill Natasha!
Natasha screams in pain as she dies!
You start resting.
Eating a chunk of flesh {@w0}.
You eat the chunk of flesh {@w0}.
Your ball python is no longer moving slowly.
Your ball python withers and dies!
Your kobold disappears in a puff of smoke!
Health restored: 34; MP restored: 9 Unknown command.
A bat comes into view.
Casting: Sticks to Snakes (safe; 12% risk of failure)
You grow a pair of large bovine horns.
You now have 8/9 mp.
You closely miss the bat. You headbutt the bat.
You kill the bat!
No target in view!
No target in view!
No target in view!
No target in view!
No target in view!
Your transformation is almost over.
Sigmund the Dreaded comes into view.
He is wielding a +0 scythe and carrying a wand of random effects (20).
Sigmund shouts!
MP restored: 9 You aren't carrying any items that you can evoke.
You extend your transformation's duration.
Sigmund casts a spell at you. The magic dart hits you!
You take 9 damage, and have 25/34 hp.
MASSIVE DAMAGE!!
You now have 8/9 mp.
You start resting.
Your transformation is almost over.
You create a snake!
You now have 67 arrows.
You now have 6/9 mp.
Unknown command.
Casting: Sticks to Snakes (safe; 12% risk of failure)
You create a snake!
You now have 66 arrows.
You now have 4/9 mp.
You swap places.
You swap places.
Sigmund hits your ball python with a +0 scythe!
Your ball python dies!
Your ball python closely misses Sigmund.
Your ball python barely misses Sigmund.
Sigmund hits your ball python with a +0 scythe!
Your ball python dies!
Okay, then.
Unknown command.
Casting: Sticks to Snakes (safe; 12% risk of failure)
You extend your transformation's duration.
You now have 4/9 mp.
Unknown command.
You create a snake!
You now have 65 arrows.
You now have 2/9 mp.
Sigmund gestures at you while chanting. You resist with some effort.
You swap places.
Sigmund gestures wildly while chanting.
Sigmund flickers and vanishes!
Deactivating autopickup; reactivate with Ctrl-A.
You swap places.
Something hits you!
You take 12 damage, and have 15/34 hp.
MASSIVE DAMAGE!!
Your transformation is almost over.
A magic dart appears from out of thin air!
The magic dart hits your adder! What are your orders? t - Shout!
Orders for allies: a - Attack new target. r - Retreat! s - Stop attacking. g - Guard the area. f - Follow me.
Anything else - Cancel.
Retreat in which direction?
Fall back!
Something hits your adder!
Your adder dies!
Your horns disappear.
A puff of flame appears from out of thin air!
The puff of flame hits you!
* * * LOW HITPOINT WARNING * * *
You take 13 damage, and have 4/34 hp.
MASSIVE DAMAGE!!
Okay, then.
Unknown command.
A magic dart appears from out of thin air!
The magic dart hits you!
You die...

#.#.# ####.#.#
#.[.)..# #.##.###
#.##.# #.##.#######
#.....รท...!#
######.###.# #.# #@#
#.# #.# #.# #.#
##### #.# #.# #.{..
#.# #.# #.### #.#
#.# #.# #.#
#.############.#
#.###..>.........#.#
#..................#


There were no monsters in sight!

Vanquished Creatures
  Natasha (D:3)
  Robin (D:2)
  3 adders
  A worm (D:2)
  3 dart slugs
  5 leopard geckos
  2 orcs (D:3)
  7 bats
  3 giant cockroaches (D:1)
  16 goblins
  10 hobgoblins
  4 jackals (D:3)
  7 kobolds
  9 frilled lizards
  11 rats
83 creatures vanquished.

Notes
Turn   | Place    | Note
-------+----------+-------------------------------------------
     0 | D:1      | mhoghedin the Demigod Transmuter began the quest for the
                  | Orb.
     0 | D:1      | Reached XP level 1. HP: 15/15 MP: 5/5
   102 | D:1      | Reached skill level 3 in Unarmed Combat
   217 | D:1      | Reached XP level 2. HP: 13/22 MP: 5/7
   553 | D:1      | Learned a level 2 spell: Sticks to Snakes
   905 | D:2      | Reached XP level 3. HP: 24/27 MP: 6/8
   989 | D:2      | Reached skill level 4 in Unarmed Combat
  1108 | D:2      | Found a bloodstained altar of Trog.
  1629 | D:2      | Noticed Robin
  1649 | D:2      | Killed Robin
  1655 | D:2      | HP: 2/27 [goblin/+0 dagger[Robin] (6)]
  1657 | D:2      | Reached XP level 4. HP: 13/34 MP: 9/9
  2061 | D:2      | Found a shimmering altar of Xom.
  2064 | D:2      | Found a burning altar of Makhleb.
  2197 | D:3      | Learned a level 3 spell: Spider Form
  2225 | D:3      | Reached skill level 5 in Unarmed Combat
  2373 | D:3      | Reached skill level 2 in Transmutations
  2517 | D:3      | Noticed Natasha
  2528 | D:3      | Killed Natasha
  2692 | D:3      | Noticed Sigmund
  2727 | D:3      | HP: 4/34 [something/puff of flame (13)]
  2738 | D:3      | Killed from afar by Sigmund

Levels and vault maps discovered:
D:1:      eino_arrival_cavern_b, layout_loops_ring, minmay_lizard_pond
D:2:      wad_river_or_something, layout_basic, nicolae_overflow_hidden_temple,
          nicolae_underground_beach, uniq_robin
D:3:      layout_loops_ring, uniq_natasha, uniq_sigmund

Skill      XL: |  1  2  3  4 |
---------------+-------------+-----
Unarmed Combat | 3 4 5 |  5.1
Transmutations | 2 |  2.3
Fighting       | |  0.8
Dodging        | |  1.7
Spellcasting   | |  1.7

Action                   |  1- 3 |  4- 6 || total
-------------------------+-------+-------++-------
Melee: Club              |     9 |       ||     9
       Short sword       |   124 |     3 ||   127
       Unarmed           |     4 |       ||     4
       Headbutt          |    17 |     4 ||    21
       Kick              |     4 |       ||     4
       Dagger            |       |    51 ||    51
       Punch             |       |     3 ||     3
 Cast: Beastly Appendage |    31 |    14 ||    45
       Sticks to Snakes  |     1 |     6 ||     7
  Use: Potion            |     2 |       ||     2
       Scroll            |       |     3 ||     3
 Stab: Sleeping          |       |     1 ||     1
  Eat: Chunk             |     3 |     4 ||     7
Armor: Robe              |    24 |    10 ||    34
Dodge: Dodged            |    74 |    28 ||   102

Table legend:
 A = Non-vault XP
 B = Vault XP
 C = Vault XP percentage of total XP
 D = Non-vault monster count
 E = Vault monster count
 F = Vault count percentage of total count
                 A         B        C        D         E       F
            +---------+---------+-------+---------+---------+-------
      Total |     136 |      84 |  38.2 |      58 |      25 |  30.1
            +---------+---------+-------+---------+---------+-------
        D:1 |      40 |       3 |   7.0 |      24 |       3 |  11.1
        D:2 |      46 |      53 |  53.5 |      21 |      21 |  50.0
        D:3 |      50 |      28 |  35.9 |      13 |       1 |   7.1
            +---------+---------+-------+---------+---------+-------

Levels and vault maps discovered:
D:1:      eino_arrival_cavern_b, layout_loops_ring, minmay_lizard_pond
D:2:      wad_river_or_something, layout_basic, nicolae_overflow_hidden_temple,
          nicolae_underground_beach, uniq_robin
D:3:      layout_loops_ring, uniq_natasha, uniq_sigmund

Table legend:
 A = Turns spent in this place as a percentage of turns spent in the entire game.
 B = Non-inter-level travel turns spent in this place as a percentage of non-inter-level travel turns spent in the entire game.
 C = Inter-level travel turns spent in this place as a percentage of turns spent in this place.
 D = Turns resting spent in this place as a percentage of non-inter-level travel turns spent in this place.
 E = Turns spent auto-exploring this place as a percentage of non-inter-level travel turns spent in this place.
 F = Non-inter-level travel turns spent in this place divided by the number of levels of this place that you've seen.
                   A       B       C       D       E      F
               +-------+-------+-------+-------+-------+----------------------
         Total | 100.0 | 100.0 |   1.3 |  31.2 |  43.1 | 901.0
       Dungeon | 100.0 | 100.0 |   1.3 |  31.2 |  43.1 | 901.0
               +-------+-------+-------+-------+-------+----------------------

Table legend:
 A = Kills in this place as a percentage of kills in entire the game.
 B = Kills by you in this place as a percentage of kills by you in the entire game.
 C = Kills by friends in this place as a percentage of kills by friends in the entire game.
 D = Other kills in this place as a percentage of other kills in the entire game.
 E = Experience gained in this place as a percentage of experience gained in the entire game.
 F = Experience gained in this place divided by the number of levels of this place that you have seen.
                   A       B       C       D       E      F
               +-------+-------+-------+-------+-------+----------------------
         Total | 100.0 | 100.0 |   N/A |   N/A | 100.0 |  73.3
       Dungeon | 100.0 | 100.0 |   N/A |   N/A | 100.0 |  73.3
               +-------+-------+-------+-------+-------+----------------------
